 Dungeon Crawl Stone Soup version 0.28.0-45-g0d030f2227 (webtiles) character file.

Game seed: 5291866277664588281

1402 MalarOregon the Grasshopper (level 8, -2/65 HPs)
             Began as a Palentonga Warper on Apr 20, 2022.
             Was an Initiate of Qazlal.
             Killed from afar by a white imp (10 damage)
             ... with a puff of frost
             ... on level 5 of the Dungeon.
             The game lasted 00:15:10 (6721 turns).

MalarOregon the Grasshopper (Palentonga Warper)     Turns: 6721, Time: 00:15:11

Health: -2/65      AC:  9    Str: 16    XL:     8   Next: 42%
Magic:  14/14      EV:  5    Int: 13    God:    Qazlal [......]
Gold:   204        SH: 11    Dex: 17    Spells: 13/15 levels left

rFire   . . .      SeeInvis +   a - +1 whip (elec)
rCold   . . .      Faith    .   f - +0 tower shield
rNeg    . . .      Spirit   .   o - +0 scale mail
rPois   .          Reflect  .   (no helmet)
rElec   .          Harm     .   (no cloak)
rCorr   .          Rampage  .   (no gloves)
Will    .....                   (no barding)
Stlth   ..........              (no amulet)
HPRegen 0.20/turn               t - +6 ring of dexterity
MPRegen 0.14/turn               (no ring)

@: corroded, curled up
A: large, rugged brown scales 3, see invisible, deformed body, roll 1, armoured
tail, reflexive curl
a: Rolling Charge, Renounce Religion


You were on level 5 of the Dungeon.
You worshipped Qazlal.
Qazlal was noncommittal.
You visited 2 branches of the dungeon, and saw 6 of its levels.

You collected 204 gold pieces.


Innate Abilities, Weirdness & Mutations

You are completely covered in rugged brown scales. (AC +3, +7% HP)
You have supernaturally acute eyesight. (SInv)
Armour fits poorly on your strangely shaped body.
You can roll at nearby foes to attack.
You have a long armoured tail.
You curl defensively after being hit. (AC +7*)


   Skills:
 + Level 4.3 Fighting
 + Level 4.2 Maces & Flails
 + Level 2.8 Throwing
 + Level 3.1 Armour
 + Level 3.6 Dodging
 + Level 4.0 Spellcasting
 + Level 4.9 Translocations


You had 13 spell levels left.
You knew the following spells:

 Your Spells              Type           Power      Damage    Failure   Level
b - Blink                 Tloc           30%        N/A       80%         2

Your spell library contained the following spells:

 Spells                   Type           Power      Damage    Failure   Level
 Gell's Gravitas          Tloc           15%        N/A       95%         3
 Lesser Beckoning         Tloc           15%        N/A       95%         3
 Teleport Other           Tloc           15%        N/A       95%         3
 Ensorcelled Hibernation  Hex/Ice        4%         N/A       100%        2
 Spider Form              Tmut/Pois      2%         N/A       100%        3
 Anguish                  Hex/Necr       1%         N/A       100%        4
 Manifold Assault         Tloc           15%        N/A       100%        5

Inventory:

Hand Weapons
 a - a +1 whip of electrocution (weapon)
   (You found it on level 3 of the Dungeon)
 b - a +1 mace
 r - a +0 great mace
   (You found it on level 3 of the Dungeon)
Missiles
 d - 5 boomerangs of dispersal {!f}
 h - 164 stones
 m - 4 poisoned darts (quivered)
 p - 5 curare-tipped darts {!f}
 v - 5 atropa-tipped darts
 x - 3 boomerangs
Armour
 f - a +0 tower shield (worn)
   (You found it on level 5 of the Dungeon)
 o - a +0 scale mail (worn)
   (You found it on level 2 of the Dungeon)
Jewellery
 t - a +6 ring of dexterity (left hand)
   (You found it on level 4 of the Dungeon)
Scrolls
 c - a scroll of blinking
 n - a scroll of teleportation {@r4}
 q - a scroll of fog {unknown}
 s - a scroll of immolation {unknown}
 u - a scroll of noise {!r}
 w - a scroll of enchant weapon
Potions
 e - a potion of brilliance {unknown}
 g - a potion of resistance {unknown}
 i - a potion of might
 j - a potion of mutation {!q}
 k - a potion of attraction {!q}
 l - a potion of curing {unknown}

Dungeon Overview and Level Annotations

Branches:
Dungeon (5/15)             Temple (1/1) D:5

Altars:
Ashenzari
Cheibriados
Dithmenos
Fedhas
Gozag
Kikubaaqudgha
Nemelex Xobeh
Qazlal
Sif Muna
Trog
Uskayaw
Vehumet
Wu Jian
Xom
Yredelemnul
Zin

Annotations:
D:3 1 runed translucent door, Crazy Yiuf

.......#
#######..#...#..#.
...##### #..#......#.
...# ##. #.>#.#.##.#^
...# #... #.##(#..#.##
##.####....####
#.......#... ....[#
#.....##### #....#######
.....# #.###.....#
##.........# .....#
#<#.....#.#5##...#####.#
.....#
#......S@)..#.......##.##
...###
#...#.###.###...<...##...
.### #.####......#
#...†...##### .#
#........#### #.......#
## ####....# #.......# #
#....## #.......# #
#....# ######### #....#
#....#


You could see an adder and a white imp.


Message History

Qazlal accepts your kill.
You closely miss the orc. You hit the orc. You block the orc's attack.
You hit the orc but do no damage. Lightning courses through the orc!
You kill the orc!
Qazlal accepts your kill. You block the orc's attack.
The orc hits you with a +0 short sword.
You hit the orc. Lightning courses through the orc!
You kill the orc!
Qazlal accepts your kill.
The orc throws a boomerang.
The boomerang barely misses you. You block the orc's attack.
Things that are here:
a +0 short sword; a +0 chain mail; a +0 short sword You completely miss the orc.
Your tail-slap misses the orc.
The orc barely misses you.
You hit the orc but do no damage. You tail-slap the orc.
You block the orc's attack.
You hit the orc but do no damage.
Your tail-slap misses the orc.
You block the orc's attack. The orc hits you with a +0 dagger.
You hit the orc but do no damage. The orc hits you but does no damage.
You closely miss the orc.
Your tail-slap misses the orc.
You block the orc's attack.
You hit the orc. Lightning courses through the orc!
You kill the orc!
Qazlal accepts your kill.
No target in view!
x - 3 boomerangs
Things that are here:
a +0 dagger; an orc corpse
Things that are here:
a +0 short sword; a +0 chain mail; a +0 short sword
Things that are here:
a +0 falchion; a +0 ring mail; an orc corpse
Things that are here:
a +0 short sword; a +0 chain mail; a +0 short sword
Things that are here:
a +0 dagger; an orc corpse
Found a scroll of identify.
Found a stone staircase leading up.
y - a scroll of identify {@r1}
As you read the scroll of identify {@r1}, it crumbles to dust.
j - a potion of mutation
Okay, then.
An adder comes into view.
The adder hisses angrily.
You closely miss the adder. The adder bites you but does no damage.
An orc comes into view.
It is wielding a +0 hand axe and carrying a wand of acid (5).
The adder bites you. There's nothing you can charge at!
The orc zaps a wand.
The bolt of acid hits you!!
* * * LOW HITPOINT WARNING * * *
The acid corrodes you!
Roll where?
Press: ? - help, Dir - move target, f - orc
Aim: an orc, wielding a +0 hand axe, wearing a +0 leather armour and carrying a wand of acid (4)
You roll forward with a clatter of scales!
You barely miss the orc. The orc hits you with a +0 hand axe.
* * * LOW HITPOINT WARNING * * *
You closely miss the orc. The orc hits you with a +0 hand axe.
* * * LOW HITPOINT WARNING * * *
You block the orc's attack.
You aren't carrying any items that you can evoke.
You hit the orc.
You tail-slap the orc, but do no damage.
The adder bites you.
* * * LOW HITPOINT WARNING * * *
The orc hits you with a +0 hand axe.
* * * LOW HITPOINT WARNING * * *
You block the adder's attack.
You hit the orc but do no damage. Lightning courses through the orc!
You kill the orc!
Qazlal accepts your kill. The adder bites you.
* * * LOW HITPOINT WARNING * * *
You are poisoned.
The adder poisons you!
You barely miss the adder.
Your tail-slap misses the adder.
You feel sick. The adder bites you.
* * * LOW HITPOINT WARNING * * *
You are more poisoned.
The adder poisons you! The adder bites you.
* * * LOW HITPOINT WARNING * * *
You closely miss the adder.
Your tail-slap misses the adder.
You feel sick. You block the adder's attack. x2
You closely miss the adder.
You feel sick. You block the adder's attack.
You hit the adder.
Your tail-slap misses the adder.
You feel sick. The adder bites you.
* * * LOW HITPOINT WARNING * * *
The adder barely misses you.
You hit the adder.
You feel sick. The adder bites you but does no damage.
A white imp comes into view.
You block the adder's attack.
The white imp shouts, "Run away, thou lumpish fat-kidneyed flax-wench!"
You hit the adder but do no damage.
You feel sick.
You are no longer poisoned.
The white imp gestures at you. The puff of frost hits you!
You die...

Skill      XL: |  1  2  3  4  5  6  7  8 |
---------------+-------------------------+-----
Armour         | 1 2 3 |  3.1
Throwing       | 1 2 |  2.8
Dodging        | 2 3 |  3.6
Fighting       | 3 4 |  4.3
Maces & Flails | 3 4 |  4.2
Spellcasting   | 3 4 |  4.0
Translocations | 4 |  4.9

Action                   |  1- 3 |  4- 6 |  7- 9 || total
-------------------------+-------+-------+-------++-------
Melee: Mace              |    12 |    20 |       ||    32
       Broad axe         |    59 |    49 |       ||   108
       Tailslap          |     8 |    23 |    16 ||    47
       Whip              |       |    65 |   103 ||   168
       Punch             |       |     3 |       ||     3
Throw: Stone             |       |     8 |       ||     8
       Dart              |       |    10 |     4 ||    14
 Abil: Rolling Charge    |     1 |     2 |     1 ||     4
  Use: Scroll            |       |     4 |     1 ||     5
       Potion            |       |     2 |     3 ||     5
Armor: Leather armour    |    26 |       |       ||    26
       Scale mail        |    10 |    87 |    28 ||   125
Dodge: Dodged            |    58 |    64 |    25 ||   147
Block: Tower shield      |       |       |    27 ||    27

Levels and vault maps discovered:
D:1:      lightli_arrival_chessboard, layout_rooms, basic_ecumenical_altar,
          minmay_ruptured
D:2:      cheibrodos_pilgrimage, layout_rooms, chequers_serial_rivers_room_a,
          hangedman_decor_points, kennysheep_path_1,
          chequers_serial_rivers_micro_a
D:3:      layout_basic, lemuel_doored_altar, uniq_crazy_yiuf_cottage
D:4:      layout_layer_cave
D:5:      layout_basic, minmay_temple_entry_grid, uniq_prince_ribbit1,
          uniq_sigmund
Temple:   regret_index_temple_waves

Notes
Turn   | Place    | Note
-------+----------+-------------------------------------------
     0 | D:1      | MalarOregon the Palentonga Warper began the quest for the
                  | Orb.
     0 | D:1      | Reached XP level 1. HP: 17/17 MP: 3/3
    22 | D:1      | Found a faded altar of an unknown god.
   303 | D:1      | Reached XP level 2. HP: 23/23 MP: 5/5
   502 | D:1      | Reached skill level 1 in Armour
   852 | D:2      | Reached skill level 1 in Throwing
   852 | D:2      | Reached XP level 3. HP: 23/29 MP: 6/6
   977 | D:2      | HP: 6/29 [poisoned by an adder]
   978 | D:2      | Reached skill level 2 in Dodging
   978 | D:2      | Reached XP level 4. HP: 7/36 MP: 7/7
   982 | D:2      | HP: 2/36 [poisoned by an adder]
  2078 | D:1      | HP: 8/36 [orc wizard/puff of flame (11)]
  2313 | D:2      | Reached XP level 5. HP: 35/42 MP: 8/8
  2775 | D:3      | Found a glowing silver altar of Zin.
  2811 | D:3      | Noticed an ogre
  3304 | D:3      | Killed an ogre
  3305 | D:3      | Reached skill level 3 in Fighting
  3355 | D:3      | Noticed a sky beast
  3376 | D:3      | HP: 7/43 [sky beast (5)]
  3381 | D:3      | Killed a sky beast
  3382 | D:3      | Reached skill level 3 in Maces & Flails
  3382 | D:3      | Reached XP level 6. HP: 30/50 MP: 10/10
  3872 | D:3      | Found a runed translucent door.
  3873 | D:3      | Noticed Crazy Yiuf
  3986 | D:4      | Reached skill level 2 in Armour
  3986 | D:4      | Reached skill level 3 in Spellcasting
  3998 | D:4      | Reached skill level 4 in Translocations
  4326 | D:4      | Gained mutation: You curl defensively after being hit. (AC
                  | +7*) [Palentonga growth]
  4326 | D:4      | Reached XP level 7. HP: 37/55 MP: 11/11
  4516 | D:4      | Reached skill level 2 in Throwing
  5112 | D:5      | Entered Level 5 of the Dungeon
  5216 | D:5      | You pick up a book of Dreams and begin reading...
  5216 | D:5      | You add the spells Ensorcelled Hibernation, Spider Form and
                  | Anguish to your library.
  5257 | D:5      | HP: 10/55 [scorpion (5)]
  5264 | D:5      | HP: 13/55 [poisoned by a scorpion]
  5266 | D:5      | HP: 6/55 [poisoned by a scorpion]
  5268 | D:5      | Reached skill level 3 in Dodging
  5271 | D:5      | HP: 5/82 [poisoned by a scorpion]
  5273 | D:5      | HP: 1/55 [poisoned by a scorpion]
  5622 | D:5      | Noticed Sigmund
  5642 | D:5      | Killed Sigmund
  5794 | D:5      | Reached skill level 4 in Fighting
  5834 | D:5      | Reached XP level 8. HP: 57/64 MP: 13/13
  5909 | D:5      | Reached skill level 4 in Maces & Flails
  6097 | D:5      | Found a staircase to the Ecumenical Temple.
  6107 | Temple   | Entered the Ecumenical Temple
  6250 | Temple   | Became a worshipper of Qazlal Stormbringer
  6330 | D:5      | Noticed Prince Ribbit
  6343 | D:5      | Killed Prince Ribbit
  6344 | D:5      | Reached skill level 3 in Armour
  6344 | D:5      | Reached skill level 4 in Spellcasting
  6347 | D:5      | Learned a level 2 spell: Blink
  6716 | D:5      | HP: 15/65 [adder (2)]
  6721 | D:5      | HP: 8/65 [poisoned by an adder]
  6721 | D:5      | Killed from afar by a white imp

Vanquished Creatures
  Prince Ribbit (D:5)
  Sigmund (D:5)
  A sky beast (D:3)
  An ogre (D:3)
  A black bear (D:4)
  A necrophage (D:5)
  3 scorpions (D:5)
  A water moccasin zombie (D:5)
  A water moccasin skeleton (D:5)
  3 hounds
  2 orc priests
  4 iguanas
  An orc wizard (D:1)
  A hound skeleton (D:4)
  7 adders
  2 worms
  9 orcs
  6 bats
  4 endoplasms
  A giant cockroach (D:2)
  5 goblins
  6 hobgoblins
  3 jackals (D:3)
  2 quokkas
  5 ball pythons
  5 frilled lizards
  A jackal skeleton (D:4)
  4 kobolds
  5 rats
87 creatures vanquished.

Table legend:
 A = Non-vault XP
 B = Vault XP
 C = Vault XP percentage of total XP
 D = Non-vault monster count
 E = Vault monster count
 F = Vault count percentage of total count
                 A         B        C        D         E       F
            +---------+---------+-------+---------+---------+-------
      Total |    1419 |     585 |  29.2 |      77 |      10 |  11.5
            +---------+---------+-------+---------+---------+-------
        D:1 |      37 |      45 |  54.9 |      17 |       6 |  26.1
        D:2 |     100 |      46 |  31.5 |      16 |       2 |  11.1
        D:3 |     297 |       0 |   0.0 |      16 |       0 |   0.0
        D:4 |     302 |       0 |   0.0 |      13 |       0 |   0.0
        D:5 |     683 |     494 |  42.0 |      15 |       2 |  11.8
            +---------+---------+-------+---------+---------+-------

Illustrated notes

Table legend:
 A = Kills in this place as a percentage of kills in entire the game.
 B = Kills by you in this place as a percentage of kills by you in the entire game.
 C = Kills by friends in this place as a percentage of kills by friends in the entire game.
 D = Other kills in this place as a percentage of other kills in the entire game.
 E = Experience gained in this place as a percentage of experience gained in the entire game.
 F = Experience gained in this place divided by the number of levels of this place that you have seen.
                   A       B       C       D       E      F
               +-------+-------+-------+-------+-------+----------------------
         Total | 100.0 | 100.0 |   N/A |   N/A | 100.0 | 334.0
       Dungeon | 100.0 | 100.0 |   N/A |   N/A | 100.0 | 400.8
               +-------+-------+-------+-------+-------+----------------------

Table legend: (Time is in decaauts)
 A = Elapsed time spent in this place.
 B = Non-inter-level travel time spent in this place.
 C = Inter-level travel time spent in this place.
 D = Time resting spent in this place.
 E = Time spent auto-exploring this place.
 F = Levels seen in this place.
 G = Mean time per level.
                   A        B        C        D        E       F      G
               +--------+--------+--------+--------+--------+-----+--------+
         Total |   6826 |   6496 |    330 |   1545 |   3989 |   6 | 1137.7 |
       Dungeon |   6644 |   6379 |    265 |   1545 |   3887 |   5 | 1328.8 |
        Temple |    181 |    116 |     65 |      0 |    102 |   1 |  181.0 |
               +--------+--------+--------+--------+--------+-----+--------+

Top non-repeatable levels by time:
     D:1: 1575 daAuts
     D:5: 1457 daAuts
     D:2: 1268 daAuts
     D:4: 1190 daAuts
     D:3: 1153 daAuts
  Temple: 181 daAuts
